TOP OF THE 1ST |
Gilbert Fire Fighters batting - Pitching for San Pablo de las Salinas Doctors : RHP Roger Coulombe
|
Pitching: RHP Roger Coulombe
|
|
Batting: RHB Cristián Cauozos
|
0-0: Ball 1-0: Ball 2-0: Called Strike 2-1: Swinging Strike 2-2: Ball 3-2: Foul Ball, location: 2F 3-2: Reached on error, E6 (Groundball, 6)
|
Batting: LHB Bill Handy
|
0-0: Ball Cristián Cauozos is caught stealing 2nd base 1-0: Ball 2-0: Called Strike 2-1: Swinging Strike 2-2: Strikes out swinging
|
Batting: SHB George Wells
|
0-0: Ball 1-0: Foul Ball, location: 2F 1-1: Ball 2-1: Ball 3-1: Foul Ball, location: 2F 3-2: Foul Ball, location: 2F 3-2: Ground out 4-3 (Groundball, 4M)
|
Top of the 1st over - 0 run(s), 0 hit(s), 1 error(s), 0 left on base; Gilbert 0 - San Pablo de las Salinas 0 |
BOTTOM OF THE 1ST |
San Pablo de las Salinas Doctors batting - Pitching for Gilbert Fire Fighters : RHP Javier Bustamante
|
Pitching: RHP Javier Bustamante
|
|
Batting: SHB Jorge Aguilar
|
0-0: Called Strike 0-1: Foul Ball, location: 2F 0-2: Ball 1-2: SINGLE (Line Drive, 7LM)
|
Batting: RHB Arthur Hopkins
|
0-0: Ball 1-0: Ball 2-0: Foul Ball, location: 2F 2-1: Swinging Strike 2-2: Fielders Choice at 2nd, 4-6 (Groundball, 4)
|
Batting: RHB Arturo Franco
|
0-0: Fielders Choice at 2nd, 4-6 (Groundball, 4)
|
Batting: RHB Joel Hebert
|
0-0: Called Strike 0-1: Ball 1-1: Called Strike 1-2: Fly out, F8 (Flyball, 8RXD)
|
Bottom of the 1st over - 0 run(s), 1 hit(s), 0 error(s), 1 left on base; Gilbert 0 - San Pablo de las Salinas 0 |
TOP OF THE 2ND |
Gilbert Fire Fighters batting - Pitching for San Pablo de las Salinas Doctors : RHP Roger Coulombe
|
Batting: RHB George Medine
|
0-0: Ball 1-0: Foul Ball, location: 2F 1-1: Foul Ball, location: 2F 1-2: Foul Ball, location: 2F 1-2: Foul Ball, location: 2F 1-2: Ball 2-2: Ball 3-2: Foul Ball, location: 2F 3-2: Strikes out looking
|
Batting: SHB Javier Bustamante
|
0-0: Ball 1-0: SINGLE (Line Drive, 56D)
|
Batting: RHB Jorge Álvarez
|
0-0: Ball 1-0: Foul Ball, location: 2F 1-1: Foul Ball, location: 2F 1-2: Strikes out swinging
|
Batting: RHB James Jones
|
0-0: Foul Ball, location: 2F 0-1: Foul Ball, location: 2F 0-2: Strikes out swinging
|
Top of the 2nd over - 0 run(s), 1 hit(s), 0 error(s), 1 left on base; Gilbert 0 - San Pablo de las Salinas 0 |
BOTTOM OF THE 2ND |
San Pablo de las Salinas Doctors batting - Pitching for Gilbert Fire Fighters : RHP Javier Bustamante
|
Batting: RHB Mario Barker
|
0-0: Foul Ball, location: 2F 0-1: Ground out 6-3 (Groundball, 6)
|
Batting: RHB Júlio Núñez
|
0-0: SINGLE (Flyball, 8LS)
|
Batting: RHB Luis López
|
0-0: Ball 1-0: Ball 2-0: Called Strike 2-1: Fly out, F8 (Flyball, 8LM)
|
Batting: RHB Domingo Salinas
|
0-0: Ball 1-0: SINGLE (Groundball, 3) (infield hit) Júlio Núñez to second
|
Batting: RHB Ramón Espinoza
|
0-0: Called Strike 0-1: Ball 1-1: Foul Ball, location: 2F 1-2: Fly out, F8 (Flyball, 8LM)
|
Bottom of the 2nd over - 0 run(s), 2 hit(s), 0 error(s), 2 left on base; Gilbert 0 - San Pablo de las Salinas 0 |
TOP OF THE 3RD |
Gilbert Fire Fighters batting - Pitching for San Pablo de las Salinas Doctors : RHP Roger Coulombe
|
Batting: RHB Ángel Rodríguez
|
0-0: Foul Ball, location: 2F 0-1: Called Strike 0-2: Ball 1-2: Strikes out swinging
|
Batting: RHB Carl Curry
|
0-0: Called Strike 0-1: Foul Ball, location: 2F 0-2: Ball 1-2: Strikes out swinging
|
Batting: RHB Cristián Cauozos
|
0-0: Ball 1-0: Ground out 5-3 (Groundball, 5)
|
Top of the 3rd over - 0 run(s), 0 hit(s), 0 error(s), 0 left on base; Gilbert 0 - San Pablo de las Salinas 0 |
BOTTOM OF THE 3RD |
San Pablo de las Salinas Doctors batting - Pitching for Gilbert Fire Fighters : RHP Javier Bustamante
|
Batting: SHB Jorge Aguilar
|
0-0: Foul Ball, location: 2F 0-1: Swinging Strike 0-2: Strikes out swinging
|
Batting: RHB Arthur Hopkins
|
0-0: Ball 1-0: Ground out 1-3 (Groundball, 13)
|
Batting: RHB Arturo Franco
|
0-0: Ball 1-0: Ball 2-0: Called Strike 2-1: SINGLE (Line Drive, 6M)
|
Batting: RHB Joel Hebert
|
0-0: Ball Arturo Franco steals 2nd base 1-0: Ball 2-0: Foul Ball, location: 2F 2-1: Fly out, F3 (Popup, 3)
|
Bottom of the 3rd over - 0 run(s), 1 hit(s), 0 error(s), 1 left on base; Gilbert 0 - San Pablo de las Salinas 0 |
TOP OF THE 4TH |
Gilbert Fire Fighters batting - Pitching for San Pablo de las Salinas Doctors : RHP Roger Coulombe
|
Batting: LHB Bill Handy
|
0-0: Ball 1-0: Ball 2-0: Ball 3-0: Base on Balls
|
Batting: SHB George Wells
|
0-0: Ball 1-0: Fly out, F7 (Flyball, 7LS)
|
Batting: RHB George Medine
|
0-0: Ball 1-0: Foul Ball, location: 2F 1-1: Foul Ball, location: 2F 1-2: Ball 2-2: Fly out, F9 (Flyball, 89M)
|
Batting: SHB Javier Bustamante
|
0-0: Ball 1-0: Ball 2-0: SINGLE (Groundball, 34) (infield hit) Bill Handy to second
|
Batting: RHB Jorge Álvarez
|
0-0: Called Strike 0-1: SINGLE (Groundball, 4MS) (infield hit) Bill Handy to third Javier Bustamante to second
|
Batting: RHB James Jones
|
0-0: Ball 1-0: TRIPLE (Line Drive, 9LM) Bill Handy scores Javier Bustamante scores Jorge Álvarez scores
|
Batting: RHB Ángel Rodríguez
|
0-0: Called Strike 0-1: Foul Ball, location: 2F 0-2: Strikes out swinging
|
Top of the 4th over - 3 run(s), 3 hit(s), 0 error(s), 1 left on base; Gilbert 3 - San Pablo de las Salinas 0 |
BOTTOM OF THE 4TH |
San Pablo de las Salinas Doctors batting - Pitching for Gilbert Fire Fighters : RHP Javier Bustamante
|
Batting: RHB Mario Barker
|
0-0: Fly out, F9 (Flyball, 9S)
|
Batting: RHB Júlio Núñez
|
0-0: Fly out, F9 (Flyball, 9)
|
Batting: RHB Luis López
|
0-0: Fly out, F9 (Flyball, 89S)
|
Bottom of the 4th over - 0 run(s), 0 hit(s), 0 error(s), 0 left on base; Gilbert 3 - San Pablo de las Salinas 0 |
TOP OF THE 5TH |
Gilbert Fire Fighters batting - Pitching for San Pablo de las Salinas Doctors : RHP Roger Coulombe
|
Batting: RHB Carl Curry
|
0-0: Ball 1-0: Fly out, F4 (Popup, 34D)
|
Batting: RHB Cristián Cauozos
|
0-0: Called Strike 0-1: Ball 1-1: Ball 2-1: Ball 3-1: Base on Balls
|
Batting: LHB Bill Handy
|
0-0: Ball 1-0: Swinging Strike 1-1: Ball 2-1: 2-RUN HOME RUN (Flyball, 9LD), Distance : 347 ft
|
Pitching: LHP Roy Burke
|
|
Batting: SHB George Wells
|
0-0: Ground out 5-3 (Groundball, 56)
|
Batting: RHB George Medine
|
0-0: Ball 1-0: Foul Ball, location: 2F 1-1: Swinging Strike 1-2: Foul Ball, location: 2F 1-2: Fly out, F9 (Flyball, 9LD)
|
Top of the 5th over - 2 run(s), 1 hit(s), 0 error(s), 0 left on base; Gilbert 5 - San Pablo de las Salinas 0 |
BOTTOM OF THE 5TH |
San Pablo de las Salinas Doctors batting - Pitching for Gilbert Fire Fighters : RHP Javier Bustamante
|
Batting: RHB Domingo Salinas
|
0-0: Called Strike 0-1: Ball 1-1: Foul Ball, location: 2F 1-2: Strikes out looking
|
Batting: RHB Ramón Espinoza
|
0-0: Called Strike 0-1: Swinging Strike 0-2: SINGLE (Line Drive, 56D)
|
Batting: SHB Jorge Aguilar
|
0-0: Ball 1-0: Called Strike 1-1: Ball 2-1: Swinging Strike 2-2: Strikes out swinging
|
Batting: RHB Arthur Hopkins
|
0-0: Ball Ramón Espinoza steals 2nd base 1-0: Called Strike 1-1: Ball 2-1: Ball 3-1: Foul Ball, location: 2F 3-2: Base on Balls
|
Batting: RHB Arturo Franco
|
0-0: Ball 1-0: Called Strike 1-1: Ground out U3 (Groundball, 3)
|
Bottom of the 5th over - 0 run(s), 1 hit(s), 0 error(s), 2 left on base; Gilbert 5 - San Pablo de las Salinas 0 |
TOP OF THE 6TH |
Gilbert Fire Fighters batting - Pitching for San Pablo de las Salinas Doctors : LHP Roy Burke
|
Batting: SHB Javier Bustamante
|
0-0: Called Strike 0-1: Foul Ball, location: 2F 0-2: Ball 1-2: Ground out 4-3 (Groundball, 4MD)
|
Batting: RHB Jorge Álvarez
|
0-0: Swinging Strike 0-1: Foul Ball, location: 2F 0-2: SINGLE (Flyball, 9LS)
|
Batting: RHB James Jones
|
0-0: Grounds into double play, 4-6-3 (Groundball, 4M)
|
Top of the 6th over - 0 run(s), 1 hit(s), 0 error(s), 0 left on base; Gilbert 5 - San Pablo de las Salinas 0 |
BOTTOM OF THE 6TH |
San Pablo de las Salinas Doctors batting - Pitching for Gilbert Fire Fighters : RHP Javier Bustamante
|
Batting: RHB Joel Hebert
|
0-0: Called Strike 0-1: Ball 1-1: Ball 2-1: Ball 3-1: Foul Ball, location: 2F 3-2: Base on Balls
|
Batting: RHB Mario Barker
|
0-0: Ball 1-0: Ball 2-0: Called Strike 2-1: Ball 3-1: Foul Ball, location: 2F 3-2: Foul Ball, location: 2F 3-2: Grounds into double play, 6-4-3 (Groundball, 56)
|
Batting: RHB Júlio Núñez
|
0-0: DOUBLE (Flyball, 8RD)
|
Batting: RHB Luis López
|
0-0: Ball 1-0: Foul Ball, location: 2F 1-1: Called Strike 1-2: Ball 2-2: SINGLE (Line Drive, 78M) Júlio Núñez to third Runner from 3rd tries for Home, SAFE, no throw
|
Batting: RHB Domingo Salinas
|
0-0: Called Strike 0-1: Fly out, F8 (Line Drive, 8RD)
|
Bottom of the 6th over - 1 run(s), 2 hit(s), 0 error(s), 1 left on base; Gilbert 5 - San Pablo de las Salinas 1 |
TOP OF THE 7TH |
Gilbert Fire Fighters batting - Pitching for San Pablo de las Salinas Doctors : LHP Roy Burke
|
Batting: RHB Ángel Rodríguez
|
0-0: Called Strike 0-1: Called Strike 0-2: Ball 1-2: Ball 2-2: Strikes out swinging
|
Batting: RHB Carl Curry
|
0-0: Ball 1-0: Called Strike 1-1: Foul Ball, location: 2F 1-2: Strikes out swinging
|
Batting: RHB Cristián Cauozos
|
0-0: Called Strike 0-1: Ball 1-1: Ground out 6-3 (Groundball, 6)
|
Top of the 7th over - 0 run(s), 0 hit(s), 0 error(s), 0 left on base; Gilbert 5 - San Pablo de las Salinas 1 |
BOTTOM OF THE 7TH |
San Pablo de las Salinas Doctors batting - Pitching for Gilbert Fire Fighters : RHP Javier Bustamante
|
Batting: RHB Ramón Espinoza
|
0-0: Ball 1-0: Called Strike 1-1: Reached on error, E5 (Line Drive, 56)
|
Batting: SHB Jorge Aguilar
|
0-0: Foul Ball, location: 2F 0-1: Swinging Strike 0-2: Fielders Choice at 2nd, 4-6 (Groundball, 4)
|
Batting: RHB Arthur Hopkins
|
0-0: Ground out 6-3 (Groundball, 6M) Jorge Aguilar to second
|
Batting: RHB Arturo Franco
|
0-0: Ball 1-0: Ball 2-0: SINGLE (Groundball, 6M) (infield hit) Jorge Aguilar to third
|
Batting: RHB Joel Hebert
|
0-0: Ball 1-0: Ball 2-0: Foul Ball, location: 2F 2-1: Fielders Choice at 2nd, U6 (Groundball, 6M)
|
Bottom of the 7th over - 0 run(s), 1 hit(s), 1 error(s), 2 left on base; Gilbert 5 - San Pablo de las Salinas 1 |
TOP OF THE 8TH |
Gilbert Fire Fighters batting - Pitching for San Pablo de las Salinas Doctors : LHP Roy Burke
|
Batting: LHB Bill Handy
|
0-0: Ball 1-0: Foul Ball, location: 2F 1-1: Ground out U3 (Groundball, 3)
|
Pitching: LHP Rodrigo Álvarez
|
|
Batting: SHB George Wells
|
0-0: Called Strike 0-1: Swinging Strike 0-2: Ball 1-2: Strikes out swinging
|
Batting: RHB George Medine
|
0-0: Called Strike 0-1: Ball 1-1: Ball 2-1: Called Strike 2-2: Foul Ball, location: 2F 2-2: Strikes out swinging
|
Top of the 8th over - 0 run(s), 0 hit(s), 0 error(s), 0 left on base; Gilbert 5 - San Pablo de las Salinas 1 |
BOTTOM OF THE 8TH |
San Pablo de las Salinas Doctors batting - Pitching for Gilbert Fire Fighters : RHP Javier Bustamante
|
Batting: RHB Mario Barker
|
0-0: Ball 1-0: Ball 2-0: Called Strike 2-1: SINGLE (Line Drive, 34D)
|
Batting: RHB Júlio Núñez
|
0-0: 2-RUN HOME RUN (Flyball, 78XD), Distance : 432 ft
|
Batting: RHB Luis López
|
0-0: Called Strike 0-1: Ball 1-1: Foul Ball, location: 2F 1-2: SINGLE (Groundball, 6MD)
|
Batting: RHB Domingo Salinas
|
0-0: Ball 1-0: Ball 2-0: Foul Ball, location: 2F 2-1: Swinging Strike 2-2: Fly out, F8 (Flyball, 8RM)
|
Batting: RHB Ramón Espinoza
|
0-0: Grounds into double play, 6-4-3 (Groundball, 6)
|
Bottom of the 8th over - 2 run(s), 3 hit(s), 0 error(s), 0 left on base; Gilbert 5 - San Pablo de las Salinas 3 |
TOP OF THE 9TH |
Gilbert Fire Fighters batting - Pitching for San Pablo de las Salinas Doctors : LHP Rodrigo Álvarez
|
Pitching: RHP Rogerio Ibarra
|
|
Batting: SHB Javier Bustamante
|
0-0: Ball 1-0: Ball 2-0: Ball 3-0: Called Strike 3-1: Foul Ball, location: 2F 3-2: Foul Ball, location: 2F 3-2: Strikes out swinging
|
Batting: RHB Jorge Álvarez
|
0-0: Ball 1-0: DOUBLE (Line Drive, 7)
|
Batting: RHB James Jones
|
0-0: Called Strike 0-1: Called Strike 0-2: Ball 1-2: Foul Ball, location: 2F 1-2: Strikes out swinging
|
Batting: RHB Ángel Rodríguez
|
0-0: Called Strike 0-1: Ball 1-1: Called Strike 1-2: Strikes out swinging
|
Top of the 9th over - 0 run(s), 1 hit(s), 0 error(s), 1 left on base; Gilbert 5 - San Pablo de las Salinas 3 |
BOTTOM OF THE 9TH |
San Pablo de las Salinas Doctors batting - Pitching for Gilbert Fire Fighters : RHP Javier Bustamante
|
Batting: SHB Jorge Aguilar
|
0-0: Ball 1-0: Ball 2-0: DOUBLE (Line Drive, 9LM)
|
Pinch Hitting: LHB Jesús Rojas
|
0-0: Ball 1-0: Ball 2-0: Called Strike 2-1: Fly out, F7 (Flyball, 7S)
|
Batting: RHB Arturo Franco
|
0-0: Ball 1-0: Called Strike 1-1: Ball 2-1: Ball 3-1: Swinging Strike 3-2: Base on Balls
|
Pinch Hitting: LHB Stéphane Labat
|
0-0: Ball 1-0: TRIPLE (Line Drive, 8LM) Jorge Aguilar scores Arturo Franco scores
|
Pinch Hitting: RHB Jesús Pérez
|
0-0: Intentional Walk
|
Pinch Hitting: RHB Sandro Hernández
|
0-0: Called Strike 0-1: Fly out, F7 (Line Drive, 7S)
|
Batting: RHB Luis López
|
0-0: Foul Ball, location: 2F 0-1: Ball 1-1: Ball 2-1: Ball 3-1: SINGLE (Line Drive, 6MD) Stéphane Labat scores
|
Thursday, March 30th, 2017 - OOTP Baseball 17.12 Build 75
|
|